 Dungeon Crawl Stone Soup version 0.32-a0-841-g4648e6c457 (webtiles) character file.

Game seed: 10366991908471176720

4 MackTheKnife the Grasshopper (level 1, -4/15 HPs)
             Began as a Mummy Wanderer on Mar 26, 2024.
             Killed from afar by a dart slug (6 damage)
             ... with a slug dart
             ... on level 1 of the Dungeon.
             The game lasted 00:00:42 (73 turns).

MackTheKnife the Grasshopper (Mummy Wanderer)         Turns: 73, Time: 00:00:42

Health: -4/15      AC:  4    Str: 12    XL:     1   Next: 50%
Magic:  2/2        EV:  9    Int: 11    God:
Gold:   0          SH:  0    Dex: 14    Spells: 1/2 levels left

rFire   x . .        a - +0 dagger {short}
rCold   + . .        (no shield)
rNeg    + + +        d - +0 leather armour
rPois   ∞            (no helmet)
rElec   .            (no cloak)
rCorr   .            (no gloves)
SInv    .            b - +0 pair of boots
Will    .....        (no amulet)
Stlth   +            (no ring)
HPRegen 0.22/turn    (no ring)
MPRegen 0.08/turn

%: faith
@: no status effects
A: cold resistance 1, negative energy resistance 3, torment resistance 2, heat
vulnerability 1, in touch with death 1, no potions, faith
a: no special abilities


You were on level 1 of the Dungeon.
You visited 1 branch of the dungeon, and saw 1 of its levels.


Innate Abilities, Weirdness & Mutations

You are immune to poison.
Your flesh is cold resistant. (rC+)
You are immune to negative energy. (rN+++)
You are immune to unholy pain and torment.
You are vulnerable to heat. (rF-)
You are in touch with the powers of death.
You do not drink.
You have a special connection with the divine. (Faith)


   Skills:
 + Level 1.6 Fighting
 - Level 1.0 Armour
 - Level 1.0 Stealth
 - Level 1.3 Spellcasting
 - Level 3.2 Translocations
 - Level 1.5 Invocations


You had one spell level left.
You knew the following spells:

 Your Spells              Type           Power      Damage    Failure   Level
a - Apportation           Tloc           14%        N/A       11%         1

Your spell library contained the following spells:

 Spells                   Type           Power      Damage    Failure   Level
 Blink                    Tloc           14%        N/A       16%         2
 Volatile Blastmotes      Fire/Tloc      8%         2d10      52%         3

Inventory:

Hand Weapons
 a - a +0 dagger (weapon) {short}
Armour
 b - a +0 pair of boots (worn)
 d - a +0 leather armour (worn)
Scrolls
 e - a scroll of fog

Dungeon Overview and Level Annotations

Branches:
Dungeon (1/15) Zot: 5926

Altars:

#..#.#.# ..
#......##..
#.#K##.......
#l##.#.....
#....# ....
###..##....
##.)......
#..g..:...
#@........
#.......g.....
##..##.w......
.... .........
.....
.........
#....
#.....$.. ....
..........
#...
...........
..........


You could see a dart slug and 2 hobgoblins.


Message History

You hit the rat.
You kill the rat!
No target in view!
No target in view!
No target in view!
No target in view!
No target in view!
No target in view!
A frilled lizard comes into view.
A frilled lizard is nearby!
The frilled lizard hisses angrily.
You closely miss the frilled lizard.
The frilled lizard bites you but does no damage.
You hit the frilled lizard.
You kill the frilled lizard!
No target in view!
A ball python comes into view.
The ball python hisses angrily.
You hit the ball python. The ball python closely misses you.
The ball python barely misses you.
You hit the ball python.
You kill the ball python!
No target in view!
No target in view!
No target in view!
No target in view!
You see here a ball python corpse.
A kobold comes into view. It is wielding a +0 dagger.
A dart slug, a hobgoblin and a ball python come into view.
The hobgoblin shouts!
You hit the hobgoblin but do no damage. The hobgoblin hits you. 😕 HP[-3]
You take 3 damage, and now have 12/15 hp.
You hit the hobgoblin. The hobgoblin hits you. 😮 HP[-1]
You take 1 damage, and now have 11/15 hp.
You are too injured to fight recklessly!
You are too injured to fight recklessly!
You are too injured to fight recklessly!
You are too injured to fight recklessly!
You are too injured to fight recklessly!
You are too injured to fight recklessly!
The kobold shouts!
You hear an angry hiss.
The kobold throws a stone.
The stone barely misses you.
The hobgoblin attacks as it pursues you!
The hobgoblin hits you but does no damage. 😕 HP[+1]
You hit the hobgoblin. The hobgoblin hits you. 😮 HP[-3]
You take 3 damage, and now have 9/15 hp.
You closely miss the hobgoblin.
The hobgoblin hits you but does no damage. 😮 HP[+1]
You closely miss the hobgoblin. The hobgoblin hits you. 😮 HP[-1]
You take 1 damage, and now have 9/15 hp.
You barely miss the hobgoblin. The hobgoblin hits you. 😮 HP[-1]
You take 1 damage, and now have 8/15 hp.
You barely miss the hobgoblin. The hobgoblin barely misses you.
You hit the hobgoblin. The hobgoblin hits you.
* * * LOW HITPOINT WARNING * * *
😨 HP[-1]
You take 1 damage, and now have 7/15 hp.
You hit the hobgoblin.
You kill the hobgoblin!
The dart slug launches a dart at you. The slug dart hits you.
* * * LOW HITPOINT WARNING * * *
The kobold throws a stone.
The stone hits you.
* * * LOW HITPOINT WARNING * * *
😨 HP[-2]
You take 2 damage, and now have 5/15 hp.
You aren't carrying any items that you can evoke.
Unknown command.
As you read the scroll of teleportation {@r4}, it crumbles to dust.
You feel strangely unstable. 😨 HP[+1]
Your surroundings suddenly seem different.
A frilled lizard comes into view.
A hobgoblin and a kobold come into view.
The kobold shouts!
The frilled lizard hisses angrily.
The kobold throws a stone.
The stone hits you but does no damage.
A hobgoblin comes into view. 😨 HP[+1]
A dart slug comes into view.
The dart slug launches a dart at you. The slug dart hits you.
* * * LOW HITPOINT WARNING * * *
😨 HP[-3]
You take 3 damage, and now have 4/15 hp.
The hobgoblin shouts!
The dart slug launches a dart at you. The slug dart hits you.
* * * LOW HITPOINT WARNING * * *
😱 HP[-2]
You take 2 damage, and now have 2/15 hp.
The dart slug launches a dart at you. The slug dart hits you.
You die...

Action                     || total
---------------------------++-------
  Melee: Dagger            ||    14
    Use: Scroll            ||     1
 Armour: Leather armour    ||    15
  Dodge: Dodged            ||     4

Levels and vault maps discovered:
D:1:      wander_arrival_abandoned_jail, layout_rooms, minmay_quantized

Notes
Turn   | Place    | Note
-------+----------+-------------------------------------------
     0 | D:1      | MackTheKnife the Mummy Wanderer began the quest for the
                  | Orb.
     0 | D:1      | MackTheKnife set off with the following items: a +0 dagger
                  | {short}, a +0 pair of boots, a scroll of teleportation
                  | {@r4}, a +0 leather armour, a scroll of fog; and the
                  | following spell memorised: Apportation; and the following
                  | spells available to memorise: Blink, Volatile Blastmotes.
     0 | D:1      | Reached XP level 1. HP: 15/15 MP: 2/2
     0 | D:1      | magus.rc [v1.9.6]
    72 | D:1      | HP: 2/15 [dart slug/slug dart (3)]
    73 | D:1      | Killed from afar by a dart slug

Vanquished Creatures
  A ball python (D:1)
  A hobgoblin (D:1)
  A frilled lizard (D:1)
  A rat (D:1)
4 creatures vanquished.

Table legend:
 A = Non-vault XP
 B = Vault XP
 C = Vault XP percentage of total XP
 D = Non-vault monster count
 E = Vault monster count
 F = Vault count percentage of total count
                 A         B        C        D         E       F
            +---------+---------+-------+---------+---------+-------
      Total |       6 |       0 |   0.0 |       4 |       0 |   0.0
            +---------+---------+-------+---------+---------+-------
        D:1 |       6 |       0 |   0.0 |       4 |       0 |   0.0
            +---------+---------+-------+---------+---------+-------

Action                     || total
---------------------------++-------
  Melee: Dagger            ||    14
    Use: Scroll            ||     1
 Armour: Leather armour    ||    15
  Dodge: Dodged            ||     4

Illustrated notes

Table legend:
 A = Kills in this place as a percentage of kills in the entire game.
 B = Kills by you in this place as a percentage of kills by you in the entire game.
 C = Kills by friends in this place as a percentage of kills by friends in the entire game.
 D = Other kills in this place as a percentage of other kills in the entire game.
 E = Experience gained in this place as a percentage of experience gained in the entire game.
 F = Experience gained in this place divided by the number of levels of this place that you have seen.
                   A       B       C       D       E      F
               +-------+-------+-------+-------+-------+----------------------
         Total | 100.0 | 100.0 |   N/A |   N/A | 100.0 |   6.0
       Dungeon | 100.0 | 100.0 |   N/A |   N/A | 100.0 |   6.0
               +-------+-------+-------+-------+-------+----------------------

Table legend: (Time is in decaauts)
 A = Elapsed time spent in this place.
 B = Non-inter-level travel time spent in this place.
 C = Inter-level travel time spent in this place.
 D = Time resting spent in this place.
 E = Time spent auto-exploring this place.
 F = Levels seen in this place.
 G = Mean time per level.
                   A        B        C        D        E       F      G
               +--------+--------+--------+--------+--------+-----+--------+
         Total |     73 |     73 |      0 |      0 |     24 |   1 |   73.0 |
       Dungeon |     73 |     73 |      0 |      0 |     24 |   1 |   73.0 |
               +--------+--------+--------+--------+--------+-----+--------+

Top non-repeatable levels by time:
     D:1: 73 daAuts
